Map: Acropolis LE

Players

Erik - Winner!

  • Race: Zerg Zerg
  • Spawn Location: 11:00

Bee

  • Race: Zerg Zerg
  • Spawn Location: 5:00

Event: 2019 WCS Summer

VOD

Have the link to the VOD?

Description

Time

  • Played on: July 12, 2019, 8:36 a.m.
  • Length: 7:38

All games in this series

Show
View Real Time Build Order
Export as new Build Order

Erik Zerg - Winner!

Build Orders: Pool First 

Get SALT Encoding   

  12  0:00  Drone  
  13  0:08  Drone  
  14  0:15  Drone, Extractor  
  15  0:22  Overlord  
  15  0:37  Spawning Pool  
  15  0:40  Drone  
  15  0:44  Drone  
  15  0:46  Drone  
  15  0:49  Extractor  
  16  0:55  Drone  
  17  1:14  Hatchery  
  16  1:24  Zergling x4  
  18  1:27  Zergling x2  
  19  1:36  Queen  
  21  1:48  Metabolic Boost  
  21  1:51  Overlord  
  21  1:55  Drone  
  22  2:10  Drone  
  22  2:11  Drone  
  22  2:13  Queen  
  26  2:21  Drone  
  27  2:26  Drone  
  28  2:35  Drone  
  28  2:42  Zergling x4  
  30  2:47  Zergling x2, Drone  
  30  2:48  Zergling x4  
  34  2:51  Queen  
  34  2:57  Overlord  
  35  3:20  Zergling x4  
  35  3:21  Drone x5  
  35  3:25  Drone x3  
  44  3:31  Evolution Chamber  
  44  3:33  Drone x2  
  43  3:38  Drone  
  42  3:45  Extractor  
  42  3:46  Lair  
  40  3:48  Roach Warren  
  40  3:53  Evolution Chamber  
  38  3:57  Drone x3  
  38  4:00  Drone x2  
  43  4:07  Overlord  
  43  4:08  Overlord  
  41  4:20  Zerg Missile Weapons Level 1  
  41  4:24  Overlord  
  41  4:27  Extractor  
  41  4:28  Roach x4  
  41  4:30  Roach  
  50  4:36  Drone x3  
  50  4:37  Drone  
  54  4:41  Drone x2  
  54  4:45  Glial Reconstitution  
  56  4:50  Drone x3  
  59  4:56  Queen  
  61  5:00  Extractor  
  61  5:02  Overlord  
  61  5:06  Zerg Ground Armor Level 1  
  60  5:11  Overseer  
  60  5:14  Drone  
  60  5:15  Drone  
  60  5:16  Overlord  
  60  5:18  Overlord  
  62  5:23  Roach  
  64  5:29  Roach  
  64  5:30  Roach x3  
  72  5:40  Roach  
  72  5:41  Roach x3  
  80  5:48  Overlord  
  80  5:49  Roach  
  86  5:50  Roach x2  
  86  5:56  Overlord  
  86  5:59  Roach  
  88  6:06  Overlord  
  88  6:08  Roach  
  88  6:09  Roach x3  
  96  6:21  Roach  
  96  6:22  Roach  
  96  6:25  Hatchery  
  99  6:30  Overseer  
  99  6:37  Roach x6  
  111  6:50  Roach  
  111  6:51  Roach  
  111  6:53  Overlord  
  111  7:01  Overlord  
  111  7:03  Roach x3  
  111  7:18  Roach x4  
Show
View Real Time Build Order
Export as new Build Order

Bee Zerg 

Build Orders: Pool First 

Get SALT Encoding   

  12  0:00  Drone  
  13  0:12  Overlord  
  13  0:17  Drone  
  14  0:31  Drone x2  
  14  0:34  Drone  
  17  0:44  Spawning Pool  
  16  0:57  Extractor  
  15  1:07  Hatchery  
  15  1:09  Drone  
  15  1:12  Drone  
  15  1:16  Drone  
  17  1:21  Drone  
  18  1:31  Queen  
  20  1:36  Zergling x2  
  21  1:41  Drone  
  22  1:52  Overlord  
  22  1:58  Metabolic Boost  
  22  2:10  Queen  
  22  2:15  Zergling x4, Spine Crawler  
  25  2:22  Drone  
  26  2:27  Drone  
  27  2:33  Drone  
  27  2:40  Drone x4  
  31  2:45  Overlord  
  31  2:58  Hatchery  
  30  3:01  Drone  
  30  3:04  Drone  
  32  3:08  Drone  
  33  3:14  Evolution Chamber  
  33  3:16  Queen  
  33  3:18  Evolution Chamber  
  32  3:23  Evolution Chamber  
  32  3:24  Zergling x8  
  35  3:29  Evolution Chamber  
  35  3:33  Zergling x2  
  35  3:35  Zergling x4  
  35  3:39  Zergling x4  
  35  3:40  Drone  
  40  3:45  Drone x2  
  40  3:47  Zergling x4  
  41  4:13  Drone, Hatchery  
  41  4:14  Drone x4  
  43  4:20  Overlord  
  43  4:33  Extractor  
  43  4:35  Roach Warren  
  41  4:38  Drone  
  41  4:39  Drone x5  
  41  4:40  Drone  
  48  4:50  Drone x3  
  51  4:55  Overlord  
  51  5:02  Extractor  
  50  5:12  Lair  
  50  5:15  Drone x4  
  54  5:28  Overlord  
  54  5:32  Roach x5  
  64  5:50  Overlord  
  64  5:57  Drone  
  64  5:58  Extractor  
  64  5:59  Drone x3  
  67  6:05  Drone  
  67  6:06  Drone, Overlord x3  
  69  6:12  Roach x6  
  69  6:13  Glial Reconstitution  
  81  6:20  Overlord x3  
  80  6:26  Roach x4  
  80  6:31  Roach x3  
  94  6:36  Overlord  
  94  6:39  Ravager x4  
  98  6:40  Roach  
  98  6:46  Roach x2  
  104  6:48  Zergling x6  
  104  6:52  Roach  
  104  6:53  Roach  
  108  6:59  Roach x2  
  96  7:03  Roach  
  96  7:07  Roach x2  
  80  7:09  Roach  
  80  7:13  Roach  
  77  7:17  Roach x2  
Tags
 
Add a new tag
Caveats
  • Supply blocks, unpowered buildings, or Contaminate may cause inaccurate times.
  • Supply counts are checked every 10 seconds.